 Dungeon Crawl Stone Soup version 0.27.0-1-g7a089689b8 (webtiles) character file.

Game seed: 1121990161894013148

65 Sin92 the Skirmisher (level 3, -1/29 HPs)
             Began as a Demonspawn Fighter on Aug 7, 2021.
             Slain by a phantom (7 damage)
             ... on level 2 of the Dungeon.
             The game lasted 00:02:57 (2219 turns).

Sin92 the Skirmisher (Demonspawn Fighter)           Turns: 2219, Time: 00:02:58

Health: -1/29      AC:  6    Str: 17    XL:     3   Next: 94%
Magic:  3/3        EV:  8    Int:  9    God:
Gold:   42         SH:  9    Dex: 12    Spells: 2/2 levels left

rFire    . . .     SeeInvis .   a - +0 war axe
rCold    . . .     Faith    .   c - +0 kite shield
rNeg     . . .     Spirit   .   b - +0 scale mail
rPois    .         Reflect  .   (helmet restricted)
rElec    .         Harm     .   (no cloak)
rCorr    .         Rampage  .   (no gloves)
Will     .....                  (no boots)
Stlth    ..........             (no amulet)
HPRegen  0.09/turn              (no ring)
MPRegen  0.08/turn              (no ring)

@: brilliant, attractive
A: antennae 1, sturdy frame 1
a: no special abilities


You were on level 2 of the Dungeon.
You visited 1 branch of the dungeon, and saw 2 of its levels.

You collected 42 gold pieces.

Inventory:

Hand Weapons
 a - a +0 war axe (weapon)
Armour
 b - a +0 scale mail (worn)
 c - a +0 kite shield (worn)
Jewellery
 i - a ring of flight
Scrolls
 f - a scroll of vulnerability {unknown}
 g - 2 scrolls of amnesia
 k - a scroll of enchant armour {unknown}
 m - a scroll of holy word {unknown}
Potions
 d - a potion of might
 h - a potion of curing


   Skills:
 + Level 3.4 Fighting
 * Level 2.6 Axes
 + Level 3.0 Armour
 + Level 1.0 Dodging
 + Level 3.0 Shields


You had 2 spell levels left.
You didn't know any spells.
Your spell library contained the following spells:

 Spells                   Type           Power      Damage    Failure   Level
 Tukima's Dance           Hex            0%         N/A       100%        3
 Passage of Golubria      Tloc           N/A        N/A       100%        4
 Yara's Violent Unravell  Hex/Tmut       0%         3d3       100%        5


Dungeon Overview and Level Annotations

Branches:
Dungeon (2/15)

Altars:


Innate Abilities, Weirdness & Mutations

You have a pair of small antennae on your head.
Your movements are slightly less encumbered by armour. (ER -2)


Message History

A phantom is nearby!
You completely miss the phantom. The phantom closely misses you.
The phantom hits you!
Unknown command.
A phantom is nearby!
You are too injured to fight recklessly!
Unknown command.
A phantom is nearby!
You are too injured to fight recklessly!
Unknown command.
A phantom is nearby!
You are too injured to fight recklessly!
You are too injured to fight recklessly!
It was a potion of brilliance.
You feel clever all of a sudden. The phantom hits you.
* * * LOW HITPOINT WARNING * * *
Unknown command.
It was a potion of curing.
You feel better. The phantom hits you.
You feel better. You block the phantom's attack.
It was a potion of attraction.
You feel attractive to monsters. The phantom hits you!
The phantom blinks!
You blink.
It was a potion of mutation.
You feel extremely strange.
You feel weaker.
You feel stronger.
The phantom hits you but does no damage.
You closely miss the phantom. You block the phantom's attack.
You barely miss the phantom. The phantom hits you. x2
* * * LOW HITPOINT WARNING * * *
The phantom blinks!
You blink.
You miss the phantom. You block the phantom's attack.
You closely miss the phantom. The phantom hits you.
* * * LOW HITPOINT WARNING * * *
The phantom hits you but does no damage.
Unknown command.
You hit the phantom but do no damage. The phantom barely misses you. x2
You miss the phantom. The phantom barely misses you.
Unknown command.
You closely miss the phantom. The phantom hits you!
You die...

#.# .# #####.####### #.# .#
#.# # #.# ###.### #.######
#######.# #.....# #......#
#.......# #.###.# ######.#
#.####### #.# # #.# #†#
#.###.# #.# #.# #.....#
########.## #.# ##@#
#.......... #.# #W#
#.######.#. ##.# ####.# #.
#.#. ...# #...(#
##.######.#. #### #.####
.......#.#.. # #######.#
#..........###. #
#.......#####...........#.)
#
#.####.÷...##..........#.#.
## #.#
#.###.##..............


You could see a phantom.

Vanquished Creatures
  An adder (D:2)
  2 worms (D:2)
  6 ball pythons
  5 endoplasms
  2 giant cockroaches (D:1)
  4 hobgoblins
  6 jackals (D:1)
  4 kobolds
  3 quokkas
  4 bats
  6 frilled lizards
  4 rats
47 creatures vanquished.

Notes
Turn   | Place    | Note
-------+----------+-------------------------------------------
     0 | D:1      | Sin92 the Demonspawn Fighter began the quest for the Orb.
     0 | D:1      | Reached XP level 1. HP: 18/18 MP: 1/1
   283 | D:1      | Gained mutation: You have a pair of small antennae on your
                  | head. [demonic ancestry]
   283 | D:1      | Reached XP level 2. HP: 22/24 MP: 2/2
   946 | D:1      | Gained mutation: Your movements are slightly less
                  | encumbered by armour. (ER -2) [demonic ancestry]
   946 | D:1      | Reached XP level 3. HP: 28/29 MP: 3/3
  1513 | D:2      | Reached skill level 1 in Dodging
  2202 | D:2      | Noticed a phantom
  2212 | D:2      | Gained mutation: You are weak. (Str -2) [potion of
                  | mutation]
  2212 | D:2      | Lost mutation: You are weak. (Str -2) [potion of mutation]
  2219 | D:2      | Slain by a phantom

Illustrated notes

Levels and vault maps discovered:
D:1:      dpeg_arrival_arbitrary_b, layout_basic, lemuel_old_faithful
D:2:      layout_loops_ring

Skill      XL: |  1  2  3 |
---------------+----------+-----
Axes           | 2 |  2.6
Dodging        | 1 |  1.0
Armour         | 3 |  3.0
Shields        | 3 |  3.0
Fighting       | |  3.4

Action                   || total
-------------------------++-------
Melee: War axe           ||   134
  Use: Potion            ||     5
       Scroll            ||     1
Armor: Scale mail        ||    71
Dodge: Dodged            ||    57
Block: Kite shield       ||    76
